Senators vs Wolves
Created - 26 janvier 2015 at 19:33
Goals
|
| Senators |
1 |
2 |
0 |
3 |
| Wolves |
1 |
3 |
0 |
4 |
|
Shots
|
| Senators |
9 |
14 |
13 |
36 |
| Wolves |
8 |
17 |
3 |
28 |
|
1st period
1. Senators , Sergei Kostitsyn 29 (Steven Goertzen) at 16:46
2. Wolves , Tim Crowder 11 (Nate Guenin, Dan Fritsche) at 18:27 (PP)
Penalties :
Milan Bartovic (Min) for Roughing (Minor) at 5:51, Niklas Hagman (BIN) for Roughing (Minor) at 17:08, Patrick Wey (BIN) for Holding Stick (Minor) at 19:06
2nd period
3. Senators , Rob Niedermayer 28 (Niklas Hagman) at 8:25
4. Wolves , Nate Guenin 2 (Dan Fritsche) at 10:18
5. Wolves , Jonathan Rheault 8 (Bruno Gervais, Marc Methot) at 11:08
6. Wolves , Dan Fritsche 23 (Geoff Paukovich, Jonathan Rheault) at 17:30
7. Senators , Rob Niedermayer 29 (Erik Karlsson) at 17:36
Penalties :
Steven Goertzen (BIN) for Interference (Minor) at 12:22, Milan Bartovic (Min) for Roughing (Minor) at 19:42
3rd period
No Goal
Penalties :
No Penalty
Goalie Stats
Jonas Gustavsson (BIN), 24 saves from 28 shots - (0,857), L, 11-7-3, 60:00 minutes
Jamie Storr (Min), 33 saves from 36 shots - (0,917), W, 19-17-4, 60:00 minutes
Players Stats for Senators
Player Name G A P +/- PIM S H SB GA TA FO MP PP MP PK MP
------------------------------------------------------------------------------------
Brent Regner 0 0 0 1 0 1 0 0 0 0 0/0 12:57 0:00 0:00
Brett Sterling 0 0 0 -1 0 0 0 1 0 0 0/0 12:34 0:09 0:56
Cody Hodgson 0 0 0 -1 0 0 2 0 1 0 1/6 11:14 0:00 0:00
Dan Bertram 0 0 0 -1 0 1 0 0 0 0 0/0 8:04 0:00 0:00
Erik Haula 0 0 0 -1 0 1 0 0 0 0 1/3 8:40 0:00 0:36
Erik Karlsson 0 1 1 -1 0 1 3 1 0 4 0/0 27:46 2:30 3:33
Gabriel Bourque 0 0 0 -1 0 2 3 0 1 1 1/1 8:04 0:00 0:00
Jack Skille 0 0 0 1 0 4 2 0 1 0 0/0 15:07 1:35 0:00
Josh Hennessy 0 0 0 1 0 1 0 0 0 0 6/12 16:29 1:35 1:22
Marc-André Bernier 0 0 0 -1 0 2 0 1 0 0 1/1 12:08 0:00 0:39
Nicolas Deslauriers 0 0 0 1 0 0 1 0 0 1 0/0 13:21 0:00 0:08
Niklas Hagman 0 1 1 1 2 1 3 0 0 0 1/2 22:30 2:23 2:28
Patrick Wey 0 0 0 0 2 1 1 1 0 1 0/0 19:08 1:28 1:36
Rob Niedermayer 2 0 2 1 0 4 1 1 1 1 18/34 23:14 2:23 3:11
Sergei Kostitsyn 1 0 1 1 0 7 1 0 0 0 1/1 16:29 1:35 1:22
Shane Sims 0 0 0 -1 0 7 3 2 0 1 0/0 27:46 2:30 3:33
Steven Goertzen 0 1 1 1 2 3 1 1 1 0 2/2 19:52 2:14 0:00
Tyson Barrie 0 0 0 0 0 0 1 0 0 0 0/0 19:17 1:28 1:44
Players Stats for Wolves
Player Name G A P +/- PIM S H SB GA TA FO MP PP MP PK MP
------------------------------------------------------------------------------------
Bruno Gervais 0 1 1 2 0 0 0 2 0 0 0/0 17:38 1:09 1:24
Carl Klingberg 0 0 0 0 0 0 3 0 0 0 0/0 6:29 0:00 0:48
Chris Terry 0 0 0 -1 0 0 0 0 0 0 0/0 7:47 0:00 0:00
Dan Fritsche 1 2 3 1 0 2 1 2 1 0 6/12 19:22 2:23 1:11
Dmitry Kulikov 0 0 0 -1 0 1 0 1 0 0 0/0 9:30 0:00 0:00
Geoff Paukovich 0 1 1 1 0 0 1 1 0 0 0/0 18:05 2:23 1:26
James Marcou 0 0 0 0 0 0 0 0 0 0 0/0 0:00 0:00 0:00
Johan Ryno 0 0 0 0 0 3 0 0 0 0 1/3 14:23 0:00 0:00
Jonas Junland 0 0 0 -1 0 1 0 0 0 0 0/0 9:30 0:00 0:00
Jonathan Rheault 1 1 2 2 0 5 1 1 0 0 0/1 12:58 0:00 0:00
Kevin Veilleux 0 0 0 0 0 1 0 0 0 0 5/7 14:01 0:00 1:55
Maksim Mayorov 0 0 0 0 0 0 0 0 0 0 0/0 0:26 0:00 0:00
Marc Methot 0 1 1 2 0 0 1 0 0 2 0/0 17:38 1:09 1:24
Marc-André Gragnani 0 0 0 -1 0 0 0 0 0 0 0/0 6:00 0:00 0:00
Mark Fayne 0 0 0 -1 0 0 1 0 0 0 0/0 6:00 0:00 0:00
Mike Sislo 0 0 0 -1 0 0 3 0 0 0 1/1 21:55 2:54 0:19
Mike Zigomanis 0 0 0 -1 0 5 0 2 1 0 13/29 23:47 2:54 2:17
Milan Bartovic 0 0 0 -1 4 5 0 2 5 2 4/7 20:56 2:54 0:00
Nate Guenin 1 1 2 0 0 3 3 2 2 1 0/0 26:52 4:08 2:34
Nathan Davis 0 0 0 0 0 0 0 1 0 0 0/2 1:01 0:00 0:00
Petr Kalus 0 0 0 0 0 0 0 0 0 0 0/0 0:45 0:00 0:00
Stefan Chaput 0 0 0 0 0 0 0 0 0 0 0/0 0:00 0:00 0:00
Tim Crowder 1 0 1 0 0 2 1 0 0 0 0/0 14:05 2:23 0:00
Willie Mitchell 0 0 0 0 0 0 0 6 0 0 0/0 26:52 4:08 2:34
3 Stars
1 - Dan Fritsche (Min)
2 - Rob Niedermayer (BIN)
3 - Jonathan Rheault (Min)
Power Play
Senators - 0 on 2 Attempt(s) - 0,00%
Wolves - 1 on 3 Attempt(s) - 33,33%
Penalty Kill
Senators - 2 on 3 Attempt(s) - 66,67%
- Score 0 goal in Penalty Kill
Wolves - 2 on 2 Attempt(s) - 100,00%
- Score 0 goal in Penalty Kill
Team Stat
Senators - Hits : 22 - Faceoff Wins : 32 - Blocked Shots : 8 - Penalty Minutes : 6
Wolves - Hits : 15 - Faceoff Wins : 30 - Blocked Shots : 20 - Penalty Minutes : 4
Official
Referees : StLaurent Francois and Kozari Steve
Linesman : Jonny Murray and Lonnie Cameron
Game Notes
Nathan Davis is injured at 3:53 of 1st period (Sprained Left Knee)
Carl Klingberg is injured at 9:30 of 2nd period (Bruised Right Leg)
Finance
Level 1 -- Attendance: 1573 (78,65%) -- Ticket Income 55 055 $
Level 2 -- Attendance: 775 (77,50%) -- Ticket Income 11 625 $
Total Attendance: 2348 (78,27%)
Total Ticket Income: 66 680 $
Other Income: 3 334 $
Total Income: 70 014 $
Senators
5 vs 5 Forward
Center Left Wing Right Wing Time % Phy DF OF
1 Rob Niedermayer Niklas Hagman Steven Goertzen 40 1 2 2
2 Josh Hennessy Sergei Kostitsyn Jack Skille 30 1 2 2
3 Cody Hodgson Brett Sterling Marc-André Bernier 20 1 2 2
4 Erik Haula Gabriel Bourque Dan Bertram 10 1 2 2
5 vs 5 Defense
Defense Defense Time % Phy DF OF
1 Erik Karlsson Shane Sims 40 1 2 2
2 Patrick Wey Tyson Barrie 30 1 2 2
3 Brent Regner Nicolas Deslauriers 20 1 2 2
4 Erik Karlsson Shane Sims 10 1 2 2
PowerPlay Forward
Center Left Wing Right Wing Time % Phy DF OF
1 Rob Niedermayer Niklas Hagman Steven Goertzen 60 1 2 2
2 Josh Hennessy Sergei Kostitsyn Jack Skille 40 1 2 2
PowerPlay Defense
Defense Defense Time % Phy DF OF
1 Erik Karlsson Shane Sims 60 1 2 2
2 Patrick Wey Tyson Barrie 40 1 2 2
Penalty Kill 4 Players Forward
Center Wing Time % Phy DF OF
1 Rob Niedermayer Niklas Hagman 60 1 2 2
2 Josh Hennessy Sergei Kostitsyn 40 1 2 2
Penalty Kill 4 Players Defense
Defense Defense Time % Phy DF OF
1 Erik Karlsson Shane Sims 60 1 2 2
2 Patrick Wey Tyson Barrie 40 1 2 2
Penalty Kill - 3 Players Forward
Forward Time % Phy DF OF
1 Rob Niedermayer 60 1 2 2
2 Niklas Hagman 40 1 2 2
Penalty Kill - 3 Players Defense
Defense Defense Time % Phy DF OF
1 Erik Karlsson Shane Sims 60 1 2 2
2 Patrick Wey Tyson Barrie 40 1 2 2
4 vs 4 Forward
Center Wing Time % Phy DF OF
1 Rob Niedermayer Niklas Hagman 60 1 2 2
2 Josh Hennessy Sergei Kostitsyn 40 1 2 2
4 vs 4 Defense
Defense Defense Time % Phy DF OF
1 Erik Karlsson Shane Sims 60 1 2 2
2 Patrick Wey Tyson Barrie 40 1 2 2
Last Minutes Offensive
Center Left Wing Right Wing Defense Defense
Rob Niedermayer Niklas Hagman Steven Goertzen Erik Karlsson Shane Sims
Last Minutes Defensive
Center Left Wing Right Wing Defense Defense
Rob Niedermayer Niklas Hagman Steven Goertzen Erik Karlsson Shane Sims
Goaltenders
Starting : Jonas Gustavsson
Backup : Alexander Salak
Extra Forwards
Normal : Brett Sterling, Cody Hodgson, Marc-André Bernier - PP : Brett Sterling, Cody Hodgson - PK : Marc-André Bernier
Extra Defensemen
Normal : Brent Regner, Nicolas Deslauriers, Patrick Wey - PP : Brent Regner - PK : Nicolas Deslauriers, Patrick Wey
Penalty Shots
Rob Niedermayer, Niklas Hagman, Josh Hennessy, Sergei Kostitsyn, Steven Goertzen
Wolves
5 vs 5 Forward
Center Left Wing Right Wing Time % Phy DF OF
1 Mike Zigomanis Mike Sislo Milan Bartovic 40 1 2 2
2 Dan Fritsche Geoff Paukovich Tim Crowder 30 1 2 2
3 Nathan Davis Carl Klingberg Jonathan Rheault 20 1 2 2
4 Kevin Veilleux Chris Terry Johan Ryno 10 1 2 2
5 vs 5 Defense
Defense Defense Time % Phy DF OF
1 Willie Mitchell Nate Guenin 40 1 2 2
2 Bruno Gervais Marc Methot 30 1 2 2
3 Dmitry Kulikov Jonas Junland 20 1 2 2
4 Marc-André Gragnani Mark Fayne 10 1 2 2
PowerPlay Forward
Center Left Wing Right Wing Time % Phy DF OF
1 Mike Zigomanis Mike Sislo Milan Bartovic 60 1 2 2
2 Dan Fritsche Geoff Paukovich Tim Crowder 40 1 2 2
PowerPlay Defense
Defense Defense Time % Phy DF OF
1 Willie Mitchell Nate Guenin 60 1 2 2
2 Bruno Gervais Marc Methot 40 1 2 2
Penalty Kill 4 Players Forward
Center Wing Time % Phy DF OF
1 Mike Zigomanis Milan Bartovic 60 1 2 2
2 Dan Fritsche Nathan Davis 40 1 2 2
Penalty Kill 4 Players Defense
Defense Defense Time % Phy DF OF
1 Willie Mitchell Nate Guenin 60 1 2 2
2 Bruno Gervais Marc Methot 40 1 2 2
Penalty Kill - 3 Players Forward
Forward Time % Phy DF OF
1 Mike Zigomanis 60 1 2 2
2 Milan Bartovic 40 1 2 2
Penalty Kill - 3 Players Defense
Defense Defense Time % Phy DF OF
1 Willie Mitchell Nate Guenin 60 1 2 2
2 Bruno Gervais Marc Methot 40 1 2 2
4 vs 4 Forward
Center Wing Time % Phy DF OF
1 Mike Zigomanis Milan Bartovic 60 1 2 2
2 Dan Fritsche Nathan Davis 40 1 2 2
4 vs 4 Defense
Defense Defense Time % Phy DF OF
1 Willie Mitchell Nate Guenin 60 1 2 2
2 Bruno Gervais Marc Methot 40 1 2 2
Last Minutes Offensive
Center Left Wing Right Wing Defense Defense
Mike Zigomanis Mike Sislo Milan Bartovic Willie Mitchell Nate Guenin
Last Minutes Defensive
Center Left Wing Right Wing Defense Defense
Mike Zigomanis Mike Sislo Milan Bartovic Willie Mitchell Nate Guenin
Goaltenders
Starting : Jamie Storr
Backup : Loïc Lacasse
Extra Forwards
Normal : Jonathan Rheault, Johan Ryno, Kevin Veilleux - PP : Jonathan Rheault, Johan Ryno - PK : Kevin Veilleux
Extra Defensemen
Normal : Dmitry Kulikov, Jonas Junland, Marc-André Gragnani - PP : Dmitry Kulikov - PK : Jonas Junland, Marc-André Gragnani
Penalty Shots
Mike Zigomanis, Milan Bartovic, Dan Fritsche, Nathan Davis, Mike Sislo
% Time on Ice - Senators
Lines # - Real PCT - Wanted PCT - Time Play
Normal Forward
1 - 34% - 40% - 16:42
2 - 27% - 30% - 13:32
3 - 23% - 20% - 11:14
4 - 16% - 10% - 8:04
Normal Defense
1 - 37% - 40% - 18:21
2 - 32% - 30% - 15:47
3 - 26% - 20% - 12:57
4 - 5% - 10% - 2:27
PP Forward
1 - 60% - 60% - 2:23
2 - 40% - 40% - 1:35
PP Defense
1 - 63% - 60% - 2:30
2 - 37% - 40% - 1:28
PK Forward
1 - 74% - 60% - 3:55
2 - 26% - 40% - 1:22
PK Defense
1 - 67% - 60% - 3:33
2 - 33% - 40% - 1:44
PK3 Forward
1 - 0% - 60%
2 - 0% - 40%
PK3 Defense
1 - 0% - 60%
2 - 0% - 40%
44 Forward
1 - 0% - 60%
2 - 0% - 40%
44 Defense
1 - 0% - 60%
2 - 0% - 40%
Last Minute Offensive - 1:13
Last Minute Defensive - 0:00
Total
Forward - 60:00
Defense - 60:00
|
% Time on Ice - Wolves
Lines # - Real PCT - Wanted PCT - Time Play
Normal Forward
1 - 31% - 40% - 15:20
2 - 25% - 30% - 12:13
3 - 32% - 20% - 15:49
4 - 12% - 10% - 6:09
Normal Defense
1 - 39% - 40% - 19:12
2 - 30% - 30% - 15:05
3 - 19% - 20% - 9:14
4 - 12% - 10% - 6:00
PP Forward
1 - 55% - 60% - 2:54
2 - 45% - 40% - 2:23
PP Defense
1 - 78% - 60% - 4:08
2 - 22% - 40% - 1:09
PK Forward
1 - 91% - 60% - 3:37
2 - 9% - 40% - 0:21
PK Defense
1 - 65% - 60% - 2:34
2 - 35% - 40% - 1:24
PK3 Forward
1 - 0% - 60%
2 - 0% - 40%
PK3 Defense
1 - 0% - 60%
2 - 0% - 40%
44 Forward
1 - 0% - 60%
2 - 0% - 40%
44 Defense
1 - 0% - 60%
2 - 0% - 40%
Last Minute Offensive - 0:00
Last Minute Defensive - 1:14
Total
Forward - 60:00
Defense - 60:00
|
Play by Play
1st period
0:01 of 1st period - Mike Sislo wins face-off versus Rob Niedermayer in neutral zone.
0:04 of 1st period - Erik Karlsson is hit by Nate Guenin.
0:23 of 1st period - Icing by Willie Mitchell.
0:24 of 1st period - Sergei Kostitsyn wins face-off versus Dan Fritsche in Wolves zone.
0:37 of 1st period - Jack Skille is hit by Tim Crowder and loses puck.
1:23 of 1st period - Snap shot by Milan Bartovic.
1:23 of 1st period - Shot Misses the Net.
1:25 of 1st period - Wrist shot by Mike Zigomanis.
1:25 of 1st period - Stopped by Jonas Gustavsson with a rebound.
1:29 of 1st period - Slapshot by Milan Bartovic.
1:29 of 1st period - Shot Misses the Net.
1:44 of 1st period - Slapshot by Marc-André Gragnani.
1:44 of 1st period - Shot Misses the Net.
2:02 of 1st period - Icing by Shane Sims.
2:03 of 1st period - Josh Hennessy wins face-off versus Dan Fritsche in Senators zone.
2:50 of 1st period - Slapshot by Nate Guenin.
2:50 of 1st period - Stopped by Jonas Gustavsson without a rebound.
2:51 of 1st period - Marc-André Bernier wins face-off versus Nathan Davis in Senators zone.
2:58 of 1st period - Snap shot by Marc-André Bernier.
2:58 of 1st period - Stopped by Jamie Storr without a rebound.
2:59 of 1st period - Rob Niedermayer wins face-off versus Milan Bartovic in Wolves zone.
3:15 of 1st period - Backhand shot by Willie Mitchell.
3:15 of 1st period - Shot Blocked by Rob Niedermayer.
3:49 of 1st period - Icing by Bruno Gervais.
3:50 of 1st period - Gabriel Bourque wins face-off versus Nathan Davis in Wolves zone.
3:51 of 1st period - Slapshot by Erik Karlsson.
3:51 of 1st period - Shot Blocked by Bruno Gervais.
3:53 of 1st period - Slapshot by Shane Sims.
3:53 of 1st period - Shot Blocked by Nathan Davis.
3:53 of 1st period - Nathan Davis from Wolves is injured at 3:53 of 1st period (Sprained Left Knee).
3:54 of 1st period - Rob Niedermayer wins face-off versus Milan Bartovic in Wolves zone.
4:03 of 1st period - Slapshot by Steven Goertzen.
4:03 of 1st period - Shot Misses the Net.
4:05 of 1st period - Snap shot by Rob Niedermayer.
4:05 of 1st period - Shot Misses the Net.
4:07 of 1st period - Slapshot by Rob Niedermayer.
4:07 of 1st period - Shot Misses the Net.
4:09 of 1st period - Slapshot by Erik Karlsson.
4:09 of 1st period - Shot Misses the Net.
5:24 of 1st period - Wrist shot by Rob Niedermayer.
5:24 of 1st period - Stopped by Jamie Storr without a rebound.
5:25 of 1st period - Rob Niedermayer wins face-off versus Johan Ryno in Wolves zone.
5:48 of 1st period - Snap shot by Marc-André Bernier.
5:48 of 1st period - Stopped by Jamie Storr without a rebound.
5:49 of 1st period - Milan Bartovic wins face-off versus Niklas Hagman in Wolves zone.
5:51 of 1st period - Minor Penalty to Milan Bartovic for Roughing.
5:52 of 1st period - Mike Zigomanis wins face-off versus Rob Niedermayer in Wolves zone.
6:08 of 1st period - Snap shot by Rob Niedermayer.
6:08 of 1st period - Shot Blocked by Mike Zigomanis.
7:51 of 1st period - Penalty to Milan Bartovic is over, Milan Bartovic is back on ice.
7:59 of 1st period - Off-side.
8:00 of 1st period - Kevin Veilleux wins face-off versus Erik Haula in neutral zone.
8:02 of 1st period - Off-side.
8:03 of 1st period - Erik Haula wins face-off versus Kevin Veilleux in neutral zone.
8:22 of 1st period - Wrist shot by Gabriel Bourque.
8:22 of 1st period - Stopped by Jamie Storr without a rebound.
8:23 of 1st period - Rob Niedermayer wins face-off versus Mike Zigomanis in Wolves zone.
8:50 of 1st period - Off-side.
8:51 of 1st period - Dan Fritsche wins face-off versus Josh Hennessy in neutral zone.
8:56 of 1st period - Slapshot by Dan Fritsche.
8:56 of 1st period - Shot Misses the Net.
9:16 of 1st period - Rob Niedermayer is hit by Carl Klingberg and loses puck.
9:34 of 1st period - Icing by Steven Goertzen.
9:35 of 1st period - Rob Niedermayer wins face-off versus Mike Zigomanis in Senators zone.
9:40 of 1st period - Snap shot by Sergei Kostitsyn.
9:40 of 1st period - Deflect By Josh Hennessy.
9:40 of 1st period - Stopped by Jamie Storr without a rebound.
9:41 of 1st period - Mike Zigomanis wins face-off versus Josh Hennessy in Wolves zone.
9:56 of 1st period - Snap shot by Mike Zigomanis.
9:56 of 1st period - Shot Blocked by Shane Sims.
10:38 of 1st period - Snap shot by Jack Skille.
10:38 of 1st period - Shot Hit the Post.
10:52 of 1st period - Snap shot by Josh Hennessy.
10:52 of 1st period - Shot Misses the Net.
10:54 of 1st period - Wrist shot by Sergei Kostitsyn.
10:54 of 1st period - Shot Blocked by Willie Mitchell.
10:56 of 1st period - Snap shot by Sergei Kostitsyn.
10:56 of 1st period - Stopped by Jamie Storr with a rebound.
10:58 of 1st period - Slapshot by Shane Sims.
10:58 of 1st period - Stopped by Jamie Storr without a rebound.
10:59 of 1st period - Rob Niedermayer wins face-off versus Dan Fritsche in Wolves zone.
11:00 of 1st period - Snap shot by Steven Goertzen.
11:00 of 1st period - Shot Misses the Net.
11:02 of 1st period - Wrist shot by Niklas Hagman.
11:02 of 1st period - Shot Misses the Net.
11:24 of 1st period - Marc-André Bernier is hit by Carl Klingberg and loses puck.
11:31 of 1st period - Wrist shot by Johan Ryno.
11:31 of 1st period - Shot Blocked by Brett Sterling.
11:33 of 1st period - Slapshot by Jonathan Rheault.
11:33 of 1st period - Shot Misses the Net.
11:35 of 1st period - Slapshot by Dmitry Kulikov.
11:35 of 1st period - Stopped by Jonas Gustavsson without a rebound.
11:36 of 1st period - Kevin Veilleux wins face-off versus Rob Niedermayer in Senators zone.
11:37 of 1st period - Snap shot by Johan Ryno.
11:37 of 1st period - Shot Misses the Net.
11:39 of 1st period - Slapshot by Chris Terry.
11:39 of 1st period - Shot Blocked by Steven Goertzen.
11:41 of 1st period - Slapshot by Johan Ryno.
11:41 of 1st period - Shot Misses the Net.
12:01 of 1st period - Jonas Junland is hit by Gabriel Bourque and loses puck.
12:14 of 1st period - Snap shot by Gabriel Bourque.
12:14 of 1st period - Stopped by Jamie Storr with a rebound.
13:03 of 1st period - Wrist shot by Mike Zigomanis.
13:03 of 1st period - Shot Misses the Net.
13:05 of 1st period - Slapshot by Mike Zigomanis.
13:05 of 1st period - Stopped by Jonas Gustavsson with a rebound.
13:25 of 1st period - Wrist shot by Josh Hennessy.
13:25 of 1st period - Shot Blocked by Willie Mitchell.
13:37 of 1st period - Dan Bertram is hit by Dan Fritsche and loses puck.
14:28 of 1st period - Backhand shot by Jack Skille.
14:28 of 1st period - Shot Blocked by Dan Fritsche.
14:45 of 1st period - Marc Methot is hit by Gabriel Bourque and loses puck.
15:56 of 1st period - Chris Terry is hit by Cody Hodgson and loses puck.
16:46 of 1st period - Wrist shot by Sergei Kostitsyn.
16:46 of 1st period - Goal by Sergei Kostitsyn - Senators : 1 - Wolves : 0.
16:47 of 1st period - Rob Niedermayer wins face-off versus Mike Zigomanis in neutral zone.
16:50 of 1st period - Slapshot by Steven Goertzen.
16:50 of 1st period - Shot Misses the Net.
17:08 of 1st period - Minor Penalty to Niklas Hagman for Roughing.
17:09 of 1st period - Mike Zigomanis wins face-off versus Rob Niedermayer in Senators zone.
18:19 of 1st period - Snap shot by Tim Crowder.
18:19 of 1st period - Shot Hit the Post.
18:27 of 1st period - Snap shot by Tim Crowder.
18:27 of 1st period - Goal by Tim Crowder - Senators : 1 - Wolves : 1.
18:28 of 1st period - Milan Bartovic wins face-off versus Rob Niedermayer in neutral zone.
19:03 of 1st period - Wrist shot by Johan Ryno.
19:03 of 1st period - Stopped by Jonas Gustavsson without a rebound.
19:04 of 1st period - Josh Hennessy wins face-off versus Mike Zigomanis in Senators zone.
19:06 of 1st period - Minor Penalty to Patrick Wey for Holding Stick.
19:07 of 1st period - Mike Zigomanis wins face-off versus Rob Niedermayer in Senators zone.
19:07 of 1st period - Wrist shot by Milan Bartovic.
19:07 of 1st period - Stopped by Jonas Gustavsson without a rebound.
19:08 of 1st period - Mike Zigomanis wins face-off versus Rob Niedermayer in Senators zone.
19:19 of 1st period - Snap shot by Milan Bartovic.
19:19 of 1st period - Stopped by Jonas Gustavsson without a rebound.
19:20 of 1st period - Rob Niedermayer wins face-off versus Mike Zigomanis in Senators zone.
Goals for this period are 1 for Senators vs 1 for Wolves.
Shots for this period are 9 for Senators vs 8 for Wolves.
2nd period
0:01 of 2nd period - Rob Niedermayer wins face-off versus Mike Zigomanis in neutral zone.
0:26 of 2nd period - Erik Karlsson is hit by Nate Guenin and loses puck.
1:06 of 2nd period - Penalty to Patrick Wey is over, Patrick Wey is back on ice.
1:25 of 2nd period - Snap shot by Rob Niedermayer.
1:25 of 2nd period - Shot Misses the Net.
1:51 of 2nd period - Milan Bartovic is hit by Patrick Wey and loses puck.
2:10 of 2nd period - Josh Hennessy is hit by Carl Klingberg and loses puck.
2:37 of 2nd period - Marc Methot is hit by Niklas Hagman and loses puck.
2:50 of 2nd period - Wrist shot by Jack Skille.
2:50 of 2nd period - Shot Blocked by Mike Zigomanis.
3:04 of 2nd period - Carl Klingberg is hit by Shane Sims and loses puck.
3:24 of 2nd period - Dan Fritsche is hit by Erik Karlsson and loses puck.
4:17 of 2nd period - Dan Fritsche is hit by Erik Karlsson and loses puck.
5:26 of 2nd period - Milan Bartovic is hit by Erik Karlsson and loses puck.
5:31 of 2nd period - Wrist shot by Gabriel Bourque.
5:31 of 2nd period - Shot Blocked by Milan Bartovic.
5:33 of 2nd period - Slapshot by Shane Sims.
5:33 of 2nd period - Stopped by Jamie Storr with a rebound.
5:35 of 2nd period - Slapshot by Shane Sims.
5:35 of 2nd period - Stopped by Jamie Storr with a rebound.
5:45 of 2nd period - Steven Goertzen is hit by Mark Fayne and loses puck.
5:55 of 2nd period - Icing by Johan Ryno.
5:56 of 2nd period - Josh Hennessy wins face-off versus Kevin Veilleux in Wolves zone.
6:29 of 2nd period - Slapshot by Steven Goertzen.
6:29 of 2nd period - Shot Blocked by Jonathan Rheault.
6:38 of 2nd period - Icing by Niklas Hagman.
6:39 of 2nd period - Mike Zigomanis wins face-off versus Rob Niedermayer in Senators zone.
6:46 of 2nd period - Wrist shot by Milan Bartovic.
6:46 of 2nd period - Stopped by Jonas Gustavsson with a rebound.
7:14 of 2nd period - Jack Skille is hit by Geoff Paukovich and loses puck.
7:33 of 2nd period - Wrist shot by Nate Guenin.
7:33 of 2nd period - Deflect By Jonathan Rheault.
7:33 of 2nd period - Stopped by Jonas Gustavsson with a rebound.
7:35 of 2nd period - Wrist shot by Jonathan Rheault.
7:35 of 2nd period - Stopped by Jonas Gustavsson with a rebound.
7:37 of 2nd period - Slapshot by Nate Guenin.
7:37 of 2nd period - Stopped by Jonas Gustavsson with a rebound.
7:39 of 2nd period - Snap shot by Jonathan Rheault.
7:39 of 2nd period - Stopped by Jonas Gustavsson with a rebound.
7:51 of 2nd period - Snap shot by Erik Haula.
7:51 of 2nd period - Shot Blocked by Bruno Gervais.
7:53 of 2nd period - Wrist shot by Erik Haula.
7:53 of 2nd period - Stopped by Jamie Storr without a rebound.
7:54 of 2nd period - Mike Zigomanis wins face-off versus Erik Haula in Wolves zone.
8:21 of 2nd period - Wrist shot by Dan Bertram.
8:21 of 2nd period - Stopped by Jamie Storr without a rebound.
8:22 of 2nd period - Niklas Hagman wins face-off versus Dan Fritsche in Wolves zone.
8:25 of 2nd period - Wrist shot by Rob Niedermayer.
8:25 of 2nd period - Goal by Rob Niedermayer - Senators : 2 - Wolves : 1.
8:26 of 2nd period - Dan Fritsche wins face-off versus Rob Niedermayer in neutral zone.
8:38 of 2nd period - Slapshot by Rob Niedermayer.
8:38 of 2nd period - Shot Misses the Net.
8:40 of 2nd period - Snap shot by Steven Goertzen.
8:40 of 2nd period - Stopped by Jamie Storr without a rebound.
8:41 of 2nd period - Josh Hennessy wins face-off versus Mike Zigomanis in Wolves zone.
8:42 of 2nd period - Slapshot by Sergei Kostitsyn.
8:42 of 2nd period - Stopped by Jamie Storr with a rebound.
8:44 of 2nd period - Snap shot by Jack Skille.
8:44 of 2nd period - Stopped by Jamie Storr with a rebound.
8:46 of 2nd period - Slapshot by Shane Sims.
8:46 of 2nd period - Stopped by Jamie Storr with a rebound.
9:29 of 2nd period - Carl Klingberg is hit by Cody Hodgson and loses puck.
9:30 of 2nd period - Carl Klingberg from Wolves is injured at 9:30 of 2nd period (Bruised Right Leg).
9:31 of 2nd period - Rob Niedermayer wins face-off versus Mike Zigomanis in Wolves zone.
9:32 of 2nd period - Snap shot by Niklas Hagman.
9:32 of 2nd period - Shot Blocked by Milan Bartovic.
9:44 of 2nd period - Wrist shot by Milan Bartovic.
9:44 of 2nd period - Deflect By Rob Niedermayer.
9:44 of 2nd period - Stopped by Jonas Gustavsson without a rebound.
9:45 of 2nd period - Rob Niedermayer wins face-off versus Dan Fritsche in Senators zone.
9:50 of 2nd period - Slapshot by Erik Karlsson.
9:50 of 2nd period - Shot Blocked by Willie Mitchell.
10:18 of 2nd period - Slapshot by Nate Guenin.
10:18 of 2nd period - Goal by Nate Guenin - Senators : 2 - Wolves : 2.
10:19 of 2nd period - Mike Zigomanis wins face-off versus Josh Hennessy in neutral zone.
10:28 of 2nd period - Wrist shot by Milan Bartovic.
10:28 of 2nd period - Shot Blocked by Erik Karlsson.
11:08 of 2nd period - Wrist shot by Jonathan Rheault.
11:08 of 2nd period - Goal by Jonathan Rheault - Senators : 2 - Wolves : 3.
11:09 of 2nd period - Rob Niedermayer wins face-off versus Milan Bartovic in neutral zone.
12:00 of 2nd period - Backhand shot by Jonathan Rheault.
12:00 of 2nd period - Stopped by Jonas Gustavsson with a rebound.
12:04 of 2nd period - Snap shot by Johan Ryno.
12:04 of 2nd period - Stopped by Jonas Gustavsson without a rebound.
12:05 of 2nd period - Rob Niedermayer wins face-off versus Mike Zigomanis in Senators zone.
12:09 of 2nd period - Icing by Niklas Hagman.
12:10 of 2nd period - Mike Zigomanis wins face-off versus Rob Niedermayer in Senators zone.
12:17 of 2nd period - Slapshot by Mike Zigomanis.
12:17 of 2nd period - Deflect By Milan Bartovic.
12:17 of 2nd period - Stopped by Jonas Gustavsson without a rebound.
12:18 of 2nd period - Milan Bartovic wins face-off versus Rob Niedermayer in Senators zone.
12:22 of 2nd period - Minor Penalty to Steven Goertzen for Interference.
12:23 of 2nd period - Rob Niedermayer wins face-off versus Mike Zigomanis in Senators zone.
12:53 of 2nd period - Wrist shot by Sergei Kostitsyn.
12:53 of 2nd period - Stopped by Jamie Storr without a rebound.
12:54 of 2nd period - Josh Hennessy wins face-off versus Mike Zigomanis in Wolves zone.
12:55 of 2nd period - Wrist shot by Sergei Kostitsyn.
12:55 of 2nd period - Stopped by Jamie Storr with a rebound.
13:05 of 2nd period - Wrist shot by Mike Zigomanis.
13:05 of 2nd period - Stopped by Jonas Gustavsson with a rebound.
13:07 of 2nd period - Snap shot by Mike Zigomanis.
13:07 of 2nd period - Stopped by Jonas Gustavsson with a rebound.
14:22 of 2nd period - Penalty to Steven Goertzen is over, Steven Goertzen is back on ice.
14:32 of 2nd period - Wrist shot by Johan Ryno.
14:32 of 2nd period - Shot Blocked by Patrick Wey.
14:34 of 2nd period - Wrist shot by Jonas Junland.
14:34 of 2nd period - Stopped by Jonas Gustavsson with a rebound.
14:36 of 2nd period - Wrist shot by Kevin Veilleux.
14:36 of 2nd period - Stopped by Jonas Gustavsson without a rebound.
14:37 of 2nd period - Josh Hennessy wins face-off versus Jonathan Rheault in Senators zone.
15:08 of 2nd period - Snap shot by Dan Fritsche.
15:08 of 2nd period - Stopped by Jonas Gustavsson without a rebound.
15:09 of 2nd period - Cody Hodgson wins face-off versus Dan Fritsche in Senators zone.
15:40 of 2nd period - Nate Guenin is hit by Tyson Barrie and loses puck.
15:47 of 2nd period - Wrist shot by Jack Skille.
15:47 of 2nd period - Shot Blocked by Dan Fritsche.
15:57 of 2nd period - Nate Guenin is hit by Rob Niedermayer.
16:07 of 2nd period - Snap shot by Niklas Hagman.
16:07 of 2nd period - Shot Blocked by Nate Guenin.
16:47 of 2nd period - Icing by Cody Hodgson.
16:48 of 2nd period - Milan Bartovic wins face-off versus Cody Hodgson in Senators zone.
17:30 of 2nd period - Snap shot by Dan Fritsche.
17:30 of 2nd period - Goal by Dan Fritsche - Senators : 2 - Wolves : 4.
17:31 of 2nd period - Rob Niedermayer wins face-off versus Mike Zigomanis in neutral zone.
17:34 of 2nd period - Wrist shot by Erik Karlsson.
17:34 of 2nd period - Shot Blocked by Willie Mitchell.
17:36 of 2nd period - Wrist shot by Rob Niedermayer.
17:36 of 2nd period - Goal by Rob Niedermayer - Senators : 3 - Wolves : 4.
17:37 of 2nd period - Steven Goertzen wins face-off versus Mike Zigomanis in neutral zone.
18:02 of 2nd period - Jack Skille is hit by Jonathan Rheault and loses puck.
18:29 of 2nd period - Shane Sims is hit by Marc Methot and loses puck.
18:38 of 2nd period - Snap shot by Brett Sterling.
18:38 of 2nd period - Shot Misses the Net.
19:07 of 2nd period - Slapshot by Patrick Wey.
19:07 of 2nd period - Stopped by Jamie Storr without a rebound.
19:08 of 2nd period - Rob Niedermayer wins face-off versus Johan Ryno in Wolves zone.
19:33 of 2nd period - Jack Skille is hit by Mike Sislo and loses puck.
19:40 of 2nd period - Snap shot by Sergei Kostitsyn.
19:40 of 2nd period - Stopped by Jamie Storr with a rebound.
19:42 of 2nd period - Minor Penalty to Milan Bartovic for Roughing.
19:43 of 2nd period - Rob Niedermayer wins face-off versus Mike Zigomanis in Wolves zone.
19:59 of 2nd period - Off-side.
Goals for this period are 2 for Senators vs 3 for Wolves.
Shots for this period are 14 for Senators vs 17 for Wolves.
3rd period
0:01 of 3rd period - Mike Zigomanis wins face-off versus Rob Niedermayer in neutral zone.
0:06 of 3rd period - Icing by Rob Niedermayer.
0:07 of 3rd period - Steven Goertzen wins face-off versus Mike Zigomanis in Senators zone.
0:33 of 3rd period - Slapshot by Erik Karlsson.
0:33 of 3rd period - Stopped by Jamie Storr with a rebound.
0:35 of 3rd period - Wrist shot by Jack Skille.
0:35 of 3rd period - Shot Blocked by Geoff Paukovich.
0:37 of 3rd period - Snap shot by Josh Hennessy.
0:37 of 3rd period - Shot Blocked by Willie Mitchell.
0:39 of 3rd period - Snap shot by Sergei Kostitsyn.
0:39 of 3rd period - Shot Blocked by Nate Guenin.
0:41 of 3rd period - Slapshot by Shane Sims.
0:41 of 3rd period - Shot Misses the Net.
0:43 of 3rd period - Slapshot by Shane Sims.
0:43 of 3rd period - Stopped by Jamie Storr with a rebound.
1:19 of 3rd period - Marc Methot is hit by Niklas Hagman and loses puck.
1:42 of 3rd period - Penalty to Milan Bartovic is over, Milan Bartovic is back on ice.
3:26 of 3rd period - Marc-André Bernier is hit by Nate Guenin and loses puck.
3:37 of 3rd period - Nate Guenin is hit by Nicolas Deslauriers and loses puck.
4:00 of 3rd period - Bruno Gervais is hit by Jack Skille and loses puck.
4:17 of 3rd period - Wrist shot by Rob Niedermayer.
4:17 of 3rd period - Shot Misses the Net.
4:19 of 3rd period - Slapshot by Rob Niedermayer.
4:19 of 3rd period - Shot Misses the Net.
4:26 of 3rd period - Icing by Kevin Veilleux.
4:27 of 3rd period - Kevin Veilleux wins face-off versus Cody Hodgson in Wolves zone.
4:46 of 3rd period - Milan Bartovic is hit by Sergei Kostitsyn and loses puck.
5:13 of 3rd period - Snap shot by Steven Goertzen.
5:13 of 3rd period - Stopped by Jamie Storr without a rebound.
5:14 of 3rd period - Kevin Veilleux wins face-off versus Rob Niedermayer in Wolves zone.
5:51 of 3rd period - Icing by Jack Skille.
5:52 of 3rd period - Dan Fritsche wins face-off versus Josh Hennessy in Senators zone.
5:53 of 3rd period - Slapshot by Tim Crowder.
5:53 of 3rd period - Stopped by Jonas Gustavsson with a rebound.
6:05 of 3rd period - Snap shot by Jack Skille.
6:05 of 3rd period - Stopped by Jamie Storr with a rebound.
6:07 of 3rd period - Slapshot by Shane Sims.
6:07 of 3rd period - Stopped by Jamie Storr without a rebound.
6:08 of 3rd period - Mike Zigomanis wins face-off versus Rob Niedermayer in Wolves zone.
6:23 of 3rd period - Wrist shot by Rob Niedermayer.
6:23 of 3rd period - Deflect By Steven Goertzen.
6:23 of 3rd period - Shot Misses the Net.
6:23 of 3rd period - Puck is out of play.
6:24 of 3rd period - Dan Fritsche wins face-off versus Josh Hennessy in Wolves zone.
7:17 of 3rd period - Slapshot by Shane Sims.
7:17 of 3rd period - Stopped by Jamie Storr without a rebound.
7:18 of 3rd period - Rob Niedermayer wins face-off versus Mike Zigomanis in Wolves zone.
7:44 of 3rd period - Chris Terry is hit by Jack Skille and loses puck.
8:45 of 3rd period - Marc-André Bernier is hit by Mike Sislo and loses puck.
8:59 of 3rd period - Slapshot by Erik Karlsson.
8:59 of 3rd period - Deflect By Rob Niedermayer.
8:59 of 3rd period - Stopped by Jamie Storr without a rebound.
9:00 of 3rd period - Kevin Veilleux wins face-off versus Rob Niedermayer in Wolves zone.
9:00 of 3rd period - Kevin Veilleux is hit by Niklas Hagman.
9:51 of 3rd period - Snap shot by Steven Goertzen.
9:51 of 3rd period - Shot Blocked by Willie Mitchell.
9:53 of 3rd period - Slapshot by Niklas Hagman.
9:53 of 3rd period - Stopped by Jamie Storr without a rebound.
9:54 of 3rd period - Dan Fritsche wins face-off versus Josh Hennessy in Wolves zone.
10:24 of 3rd period - Slapshot by Johan Ryno.
10:24 of 3rd period - Stopped by Jonas Gustavsson with a rebound.
10:26 of 3rd period - Slapshot by Bruno Gervais.
10:26 of 3rd period - Shot Misses the Net.
10:28 of 3rd period - Slapshot by Marc Methot.
10:28 of 3rd period - Shot Blocked by Marc-André Bernier.
10:42 of 3rd period - Slapshot by Dan Fritsche.
10:42 of 3rd period - Shot Blocked by Shane Sims.
12:47 of 3rd period - Wrist shot by Steven Goertzen.
12:47 of 3rd period - Stopped by Jamie Storr with a rebound.
13:07 of 3rd period - Slapshot by Brent Regner.
13:07 of 3rd period - Stopped by Jamie Storr with a rebound.
14:10 of 3rd period - Snap shot by Sergei Kostitsyn.
14:10 of 3rd period - Deflect By Jack Skille.
14:10 of 3rd period - Stopped by Jamie Storr with a rebound.
14:12 of 3rd period - Slapshot by Sergei Kostitsyn.
14:12 of 3rd period - Stopped by Jamie Storr with a rebound.
14:14 of 3rd period - Slapshot by Jack Skille.
14:14 of 3rd period - Stopped by Jamie Storr with a rebound.
14:28 of 3rd period - Dan Fritsche is hit by Gabriel Bourque and loses puck.
15:47 of 3rd period - Icing by Bruno Gervais.
15:48 of 3rd period - Mike Zigomanis wins face-off versus Cody Hodgson in Wolves zone.
15:52 of 3rd period - Icing by Johan Ryno.
15:53 of 3rd period - Dan Fritsche wins face-off versus Cody Hodgson in Wolves zone.
16:10 of 3rd period - Wrist shot by Jonathan Rheault.
16:10 of 3rd period - Shot Misses the Net.
16:53 of 3rd period - Nate Guenin is hit by Shane Sims.
17:05 of 3rd period - Dan Fritsche is hit by Shane Sims and loses puck.
18:10 of 3rd period - Slapshot by Brent Regner.
18:10 of 3rd period - Deflect By Cody Hodgson.
18:10 of 3rd period - Shot Blocked by Dmitry Kulikov.
18:10 of 3rd period - Puck is out of play.
18:11 of 3rd period - Johan Ryno wins face-off versus Cody Hodgson in Wolves zone.
18:37 of 3rd period - Patrick Wey is hit by Mike Sislo and loses puck.
18:52 of 3rd period - Dmitry Kulikov is hit by Steven Goertzen.
19:04 of 3rd period - Wrist shot by Mike Zigomanis.
19:04 of 3rd period - Stopped by Jonas Gustavsson without a rebound.
19:05 of 3rd period - Doug Gilmour call a timeout for Senators.
19:05 of 3rd period - Mike Zigomanis wins face-off versus Rob Niedermayer in Senators zone.
Goals for this period are 0 for Senators vs 0 for Wolves.
Shots for this period are 13 for Senators vs 3 for Wolves.
Output by the SimonT Hockey Simulator (STHS) for François Prévost -- Original Page W3C XHTML 1.0 Valid